 Dungeon Crawl Stone Soup version 0.20.1-1-g8b1a95d (webtiles) character file.

65 polve the Changer (level 3, -1/29 HPs)
             Began as a Draconian Transmuter on Aug 7, 2017.
             Killed from afar by Sigmund (7 damage)
             ... with a magic dart
             ... on level 2 of the Dungeon.
             The game lasted 00:02:07 (1588 turns).

polve the Changer (Draconian Transmuter)            Turns: 1588, Time: 00:02:08

Health: -1/29      AC:  5    Str: 12    XL:     3   Next: 92%
Magic:  5/6        EV: 12    Int: 14    God:
Gold:   80         SH:  0    Dex: 11    Spells: 0/6 levels left

rFire    . . .     SeeInvis .     - Unarmed
rCold    . . .     Gourm    .   (no shield)
rNeg     . . .     Faith    .   (armour unavailable)
rPois    .         Spirit   .   (helmet restricted)
rElec    .         Reflect  .   (no cloak)
rCorr    .         Harm     .   (no gloves)
MR       .....                  (no boots)
Stlth    +.........             (no amulet)
Regen    0.1/turn               (no ring)
MPRegen  0.1/turn               (no ring)

@: no status effects
A: unfitting armour, cold-blooded, AC +5
a: no special abilities


You were on level 2 of the Dungeon.
You were not hungry.

You visited 1 branch of the dungeon, and saw 2 of its levels.

You collected 80 gold pieces.

Inventory:

Missiles
 a - 35 arrows (quivered)
Wands
 p - a wand of acid (8/15)
Scrolls
 d - a scroll of blinking {unknown}
 e - a scroll of remove curse {unknown}
 f - a scroll of identify {unknown}
 h - a scroll of random uselessness {unknown}
 j - a scroll of recharging {unknown}
Potions
 i - 3 potions of degeneration {unknown}
 k - 2 potions of lignification {unknown}
 l - a potion of brilliance {unknown}
 m - 2 potions of heal wounds {unknown}
 n - a potion of flight {unknown}
 q - a potion of cancellation {unknown}
Books
 b - a book of Changes

   Spells                             Type                      Level
   a - Beastly Appendage              Transmutation                1
   b - Sticks to Snakes               Transmutation                2
   c - Spider Form                    Transmutation/Poison         3
   d - Ice Form                       Ice/Transmutation            4
   e - Blade Hands                    Transmutation                5
Comestibles
 c - a bread ration
 g - a royal jelly
 o - 7 chunks of flesh


   Skills:
 + Level 2.0 Fighting
 - Level 1.7 Dodging
 + Level 3.1 Unarmed Combat
 - Level 2.0 Spellcasting
 - Level 3.5 Transmutations
 - Level 1.1 Poison Magic


You couldn't memorise any spells.
You knew the following spells:

 Your Spells              Type           Power        Failure   Level  Hunger
a - Beastly Appendage     Tmut           ##....       5%          1    ##.....
b - Sticks to Snakes      Tmut           ##......     9%          2    ###....
c - Spider Form           Tmut/Pois      #.........   28%         3    ####...


Dungeon Overview and Level Annotations

Branches:
Dungeon (2/15)

Altars:

Annotations:
D:2 Sigmund


Innate Abilities, Weirdness & Mutations

Your plain brown scales are hard. (AC +5)
You cannot fit into any form of body armour.
You are cold-blooded and may be slowed by cold attacks.


Message History

Your horns disappear.
You turn into a venomous arachnid creature.
Sigmund casts a spell.
Sigmund flickers and vanishes!
Deactivating autopickup; reactivate with Ctrl-A.
Something barely misses you. Something closely misses you.
You hit something. You barely miss something. Something hits you!
You hit something.
You hear some strange, mumbled words.
Something tries to affect you, but you resist.
You closely miss something. Something hits you!
* * * LOW HITPOINT WARNING * * *
Your transformation is almost over.
Something completely misses you.
Your transformation has ended.
A magic dart appears from out of thin air!
The magic dart hits you!
You die...

#....<...# #..# #.)......# #..#
#........# ##..# #........###...#
#........##...## #.........รท..##
.... #.........#..# ....
#........##.## .....
####.@..###.# ..... #...###...#
.....### ##...###.#.# .......##
###..####..#.# ........###....#
##.#..# .....)......#.## #.....#
............#.####...#####
.........................## ####
..........................####...


There were no monsters in sight!

Vanquished Creatures
  An adder (D:2)
  An ooze (D:1)
  2 worms (D:2)
  A dart slug (D:1)
  A ball python (D:1)
  A giant cockroach (D:1)
  9 goblins
  3 hobgoblins (D:1)
  7 jackals
  2 bats
  3 frilled lizards
  5 kobolds
  7 rats
43 creatures vanquished.

Notes
Turn   | Place    | Note
-------+----------+-------------------------------------------
     0 | D:1      | polve the Draconian Transmuter began the quest for the Orb.
     0 | D:1      | Reached XP level 1. HP: 16/16 MP: 3/3
    81 | D:1      | Reached XP level 2. HP: 15/23 MP: 5/5
   819 | D:1      | Reached XP level 3. HP: 28/28 MP: 6/6
   823 | D:1      | Learned a level 2 spell: Sticks to Snakes
   827 | D:1      | Learned a level 3 spell: Spider Form
  1105 | D:2      | Noticed Sigmund
  1195 | D:2      | Reached skill level 1 in Poison Magic
  1588 | D:2      | Killed from afar by Sigmund

Skill      XL: |  1  2  3 |
---------------+----------+-----
Transmutations | 3 |  3.5
Poison Magic   | 1 |  1.1
Fighting       | 2 |  2.0
Dodging        | |  1.7
Unarmed Combat | |  3.1
Spellcasting   | |  2.0

Action                   || total
-------------------------++-------
Melee: Unarmed           ||   135
       Tailslap          ||    10
       Headbutt          ||     2
       Kick              ||     4
       Punch             ||     2
 Cast: Beastly Appendage ||     7
       Spider Form       ||     3
 Stab: Sleeping          ||     1
  Eat: Chunk             ||     3
Armor: Skin              ||    30
Dodge: Dodged            ||    84
